 Dungeon Crawl Stone Soup version 0.15.0-31-geb66e34 (webtiles) character file.

208 saturine the Cutter (level 6, -1/52 HPs)
             Began as a Human Chaos Knight on Sept 13, 2014.
             Was a Plaything of Xom.
             Slain by TZer0's ghost (2 damage)
             ... on Level 3 of the Dungeon.
             The game lasted 00:08:02 (2531 turns).

saturine the Cutter (Human Chaos Knight)            Turns: 2531, Time: 00:08:04

HP  -1/52        AC 13     Str 13 (14) XL: 6   Next: 11%
MP   6/6         EV  2     Int 19      God: Xom
Gold 85          SH  4     Dex 13      Spells:  0 memorised,  5 levels left

rFire  . . .     SeeInvis .     a - +0 short sword (chaos)
rCold  + . .     Clarity  .     g - +0 plate armour
rNeg   . . .     rCorr    .     i - +0 buckler
rPois  .         rRot     .     (no helmet)
rElec  .         Spirit   .     o - +0 cloak
SustAb .         Warding  .     v - +0 pair of gloves
rMut   .         Stasis   .     (no boots)
Gourm  .                        (no amulet)
MR     .....                    (no ring)
                                f - ring of protection from cold

@: brilliant, lethally poisoned, not resistant to hostile enchantments,
extremely unstealthy
A: blurry vision 1, clever 1, robust 1
a: Renounce Religion


You were on level 3 of the Dungeon.
You worshipped Xom.
You were a very special plaything of Xom.
You were not hungry.

You visited 1 branch of the dungeon, and saw 3 of its levels.

You collected 85 gold pieces.

Inventory:

Hand weapons
 a - a +0 short sword of chaos (weapon)
Armour
 b - a +2 leather armour
 g - a +0 plate armour (worn)
 i - a +0 buckler (worn)
 o - a +0 cloak (worn)
 v - a +0 pair of gloves (worn)
Comestibles
 c - 2 bread rations
 t - 6 fruits
Scrolls
 d - a scroll of enchant armour {unknown}
 e - 2 scrolls of fog {unknown}
 h - 2 scrolls of teleportation {unknown}
 j - 3 scrolls of remove curse {unknown}
 k - 4 scrolls of identify {unknown}
 m - a scroll of recharging {unknown}
 y - a scroll of noise {unknown}
Jewellery
 f - a ring of protection from cold (left hand)
Potions
 l - a potion of agility {unknown}
 p - a potion of poison {unknown}
 q - a potion of haste {unknown}
 r - a potion of brilliance
 s - a potion of curing {unknown}
 z - a potion of flight


   Skills:
 + Level 3.8 Fighting
 + Level 4.0 Short Blades
 + Level 3.2 Armour
 + Level 2.7 Dodging
 + Level 1.4 Shields


You had 5 spell levels left.
You didn't know any spells.

Dungeon Overview and Level Annotations

Branches:
Dungeon (3/15)

Altars:
Cheibriados
Fedhas
Kikubaaqudgha
Okawaru
Yredelemnul

Annotations:
D:3 TZer0's ghost, average CeVM


Innate Abilities, Weirdness & Mutations

Your vision is a little blurry.
Your mind is acute. (Int +2)
You are robust (+10% HP).


Message History

* * * LOW HITPOINT WARNING * * *
Something hits you but does no damage.
You are more poisoned.
Drink which item? (? for menu, Esc to quit)
You feel clever all of a sudden.
It was a potion of brilliance.
Xom thinks this is hilarious!
* * * LOW HITPOINT WARNING * * *
You feel very sick. Something hits you but does no damage.
You are more poisoned.
Drink which item? (? for menu, Esc to quit)
You feel extremely strange.
You feel robust.
Your vision blurs.
You feel clever.
It was a potion of mutation.
* * * LOW HITPOINT WARNING * * *
You feel very sick. Something hits you.
You die... "Huh?
Did I miss anything?"

#.............
#..##########.
##.# #
#.###.#.# ..
#..)%...# )..
#.###.#.# ..
#.# #
#.#####.#
#...@...#
#######.#


There were no monsters in sight!

Vanquished Creatures
  A worker ant (D:3)
  2 orc wizards (D:3)
  5 adders
  A giant mite (D:2)
  2 worms
  A giant eyeball (D:3)
  A giant gecko (D:2)
  An ooze (D:3)
  6 orcs (D:3)
  8 bats
  2 giant cockroaches (D:2)
  4 goblins
  8 hobgoblins
  8 kobolds
  A quokka (D:2)
  3 giant newts
  A giant newt skeleton (D:3)
  2 gnoll zombies (D:3)
  2 jackals (D:1)
  5 rats
64 creatures vanquished.

Notes
Turn   | Place    | Note
--------------------------------------------------------------
     0 | D:1      | saturine, the Human Chaos Knight, began the quest for the Orb.
     0 | D:1      | Reached XP level 1. HP: 18/18 MP: 1/1
   145 | D:1      | Reached XP level 2. HP: 21/24 MP: 2/2
   705 | D:2      | Found an iron altar of Okawaru.
   717 | D:2      | Found a snail-covered altar of Cheibriados.
   719 | D:2      | Reached XP level 3. HP: 29/29 MP: 3/3
   803 | D:2      | Found an ancient bone altar of Kikubaaqudgha.
   957 | D:2      | XOM: divination: detect items
  1251 | D:2      | Reached XP level 4. HP: 30/35 MP: 4/4
  1271 | D:2      | Found a blossoming altar of Fedhas.
  1563 | D:3      | XOM: potion effect (might)
  1566 | D:3      | Reached skill level 1 in Shields
  1579 | D:3      | Reached XP level 5. HP: 39/41 MP: 5/5
  1661 | D:3      | XOM: harmless Erth miscast
  1720 | D:3      | Noticed TZer0's ghost (average CeVM)
  1854 | D:3      | XOM: harmless Divn miscast
  2007 | D:3      | XOM: potion effect (berserk rage)
  2019 | D:3      | Reached skill level 4 in Short Blades
  2050 | D:3      | XOM: noise
  2054 | D:3      | XOM: polymorph orc wizard -> giant eyeball
  2056 | D:3      | Reached XP level 6. HP: 13/48 MP: 6/6
  2477 | D:3      | Found a basalt altar of Yredelemnul.
  2492 | D:3      | XOM: confuse monster(s)
  2507 | D:3      | XOM: stat loss: -1 Str (13/14)
  2508 | D:3      | XOM: harmless Fire miscast
  2531 | D:3      | Gained mutation: You are robust (+10% HP). [potion of mutation]
  2531 | D:3      | Gained mutation: Your vision is a little blurry. [potion of mutation]
  2531 | D:3      | Gained mutation: Your mind is acute. (Int +2) [potion of mutation]
  2531 | D:3      | HP: 1/52 [poisoned by TZer0's ghost]
  2531 | D:3      | Slain by TZer0's ghost

Action                   |  1- 3 |  4- 6 || total
-------------------------+-------+-------++-------
Melee: Short sword       |   117 |   142 ||   259
  Use: Potion            |       |     3 ||     3
 Stab: Petrifying        |     1 |     2 ||     3
       Confused          |     1 |     1 ||     2
       Paralysed         |     1 |       ||     1
       Petrified         |       |     3 ||     3
  Eat: Chunk             |       |     3 ||     3
       Fruit             |       |     2 ||     2
       Beef jerky        |       |     1 ||     1
